 Dungeon Crawl Stone Soup version 0.19-a0-1365-gb34f4cb (webtiles) character file.

21 mopl the Ruffian (level 2, -1/24 HPs)
             Began as a Troll Wizard on Sept 2, 2016.
             Slain by an iguana (11 damage)
             ... on level 3 of the Dungeon.
             The game lasted 00:02:25 (553 turns).

mopl the Ruffian (Troll Wizard)                      Turns: 553, Time: 00:02:26

Health: -1/24      AC:  5    Str: 14    XL:     2   Next: 62%
Magic:  4/4        EV:  9    Int: 14    God:
Gold:   36         SH:  0    Dex:  8    Spells: 2 memorised, 2 levels left

rFire  . . .     SeeInvis .       - Unarmed
rCold  . . .     Gourm    +     a - +0 robe
rNeg   . . .     Faith    .     (no shield)
rPois  .         Spirit   .     b - +0 hat
rElec  .         Dismiss  .     (no cloak)
rCorr  .         Reflect  .     (gloves unavailable)
MR     .....     Harm     .     (boots unavailable)
Stlth  +.........               (no amulet)
                                (no ring)
                                (no ring)

@: no status effects
A: unfitting armour, claws 3, fast metabolism 3, gourmand, regeneration 1,
shaggy fur 1, tough skin 2
a: no special abilities


You were on level 3 of the Dungeon.
You were very full.

You visited 1 branch of the dungeon, and saw 4 of its levels.

You collected 36 gold pieces.

Inventory:

Missiles
 l - 13 poisoned needles
Armour
 a - a +0 robe (worn)
 b - a +0 hat (worn)
 m - a +0 large shield
Scrolls
 i - a scroll of identify
 k - a scroll of enchant armour {unknown}
Potions
 e - 2 potions of curing
 j - a potion of lignification {unknown}
Books
 c - a book of Minor Magic

   Spells                             Type                      Level
   a - Magic Dart                     Conjuration                  1
   b - Blink                          Translocation                2
   c - Call Imp                       Summoning                    2
   d - Repel Missiles                 Charms/Air                   2
   e - Slow                           Hexes                        2
   f - Conjure Flame                  Conjuration/Fire             3
   g - Mephitic Cloud                 Conjuration/Poison/Air       3
Comestibles
 d - 3 bread rations
 f - 3 fruits
 g - a meat ration
 n - a beef jerky


   Skills:
 - Level 1.5 Dodging
 - Level 1.1 Stealth
 * Level 2.3 Unarmed Combat
 - Level 2.0 Spellcasting
 - Level 0.6 Conjurations
   Level 0.6 Summonings
 - Level 0.6 Translocations


You had 2 spell levels left.
You knew the following spells:

 Your Spells              Type           Power        Failure   Level  Hunger
a - Magic Dart            Conj           #...         21%         1    ##.....
e - Blink                 Tloc           N/A          30%         2    ###....


Dungeon Overview and Level Annotations

Branches:
Dungeon (4/15)
 Temple: D:4-7

Altars:

Annotations:
D:2 Terence
D:4 Eustachio


Innate Abilities, Weirdness & Mutations

You are too large for most types of armour.
You have claws for hands.
Your metabolism is lightning-fast.
You like to eat raw meat.
Your natural rate of healing is unusually fast.
You are covered in fur. (AC +1)
You have very tough skin. (AC +2)


Message History

The orc shouts! x4
The iguana barely misses you.
Eustachio gestures wildly while chanting.
Eustachio mumbles some strange words.
Eustachio mumbles some strange words.
There is a stone staircase leading up here.
The iguana bites you!
Ouch! That really hurt!
You climb upwards.
There is a stone staircase leading down here.
You claw the iguana!
The iguana is severely wounded.
The iguana bites you.
Throwing (i - inventory):
h - a throwing net (quivered)
Press: ? - help, Shift-Dir - straight line, f - iguana
Aim: an iguana (severely wounded)
You throw a throwing net.
The throwing net barely misses the iguana.
The iguana bites you!
You die...

#..###..# #......#
#..#.....# ######.#
#..#.#...# #.#
#....)...# ## #.#
#..#.#.#.#.. ######.##
#.[#.#.#.#.# #.......##
#..#.#...#.# ##.####....
#.....(....#.##.####.###
#.##.##@................
#.##.#.l.....#######.###
#.##.#.)###### #.#
#.##.#..# #.# #.##.....
#.# #.##...... #.# #.
#......#.########.###
#...(................
#......#.#####.......


You could see an iguana.

Vanquished Creatures
  A worm (D:2)
  A dart slug (D:1)
  A giant cockroach (D:1)
  4 goblins
  3 hobgoblins
  2 kobolds
  3 rats
15 creatures vanquished.

Notes
Turn   | Place    | Note
-------+----------+-------------------------------------------
     0 | D:1      | mopl the Troll Wizard began the quest for the Orb.
     0 | D:1      | Reached XP level 1. HP: 16/16 MP: 2/2
    75 | D:1      | Reached skill level 1 in Unarmed Combat
   118 | D:1      | Reached XP level 2. HP: 19/24 MP: 4/4
   150 | D:1      | Learned a level 2 spell: Blink
   167 | D:2      | Noticed Terence
   170 | D:2      | Reached skill level 2 in Unarmed Combat
   533 | D:4      | Noticed Eustachio
   553 | D:3      | Slain by an iguana

Vault maps used:
D:1:      dpeg_arrival_court
D:2:      uniq_iyjb, uniq_terence
D:3:      nicolae_overflow_crystal_walls, first_bread
D:4:      serial_shops, shop, enter_ossuary_4, uniq_eustachio

Skill      XL: |  1  2 |
---------------+-------+-----
Unarmed Combat | 1 2 |  2.3
Dodging        | |  1.5
Stealth        | |  1.1
Spellcasting   | |  2.0
Conjurations   | |  0.6
Summonings     | |  0.6
Translocations | |  0.6

Action                   || total
-------------------------++-------
Melee: Unarmed           ||    46
Throw: Throwing net      ||     1
  Use: Scroll            ||     2
  Eat: Chunk             ||     9
Armor: Robe              ||     5
Dodge: Dodged            ||    15
